 Dungeon Crawl Stone Soup version 0.19.4-8-ga85b6b9 (webtiles) character file.

111 esteth the Ruffian (level 4, -6/38 HPs)
             Began as a Naga Transmuter on Feb 14, 2017.
             Mangled by an ogre
             ... wielding a +0 giant club
              (14 damage)
             ... on level 4 of the Dungeon.
             The game lasted 00:06:57 (3442 turns).

esteth the Ruffian (Naga Transmuter)                Turns: 3442, Time: 00:06:58

Health: -6/38      AC:  2    Str: 12    XL:     4   Next: 92%
Magic:  7/7        EV: 10    Int: 13    God:
Gold:   97         SH:  0    Dex: 11    Spells: 2 memorised, 3 levels left

rFire  . . .     SeeInvis +     i - +2 short sword (venom)
rCold  . . .     Gourm    .     b - +0 robe
rNeg   . . .     Faith    .     (no shield)
rPois  +         Spirit   .     (no helmet)
rElec  .         Reflect  .     (no cloak)
rCorr  .         Harm     .     (no gloves)
MR     .....                    (no barding)
Stlth  +.........               (no amulet)
                                (no ring)
                                p - -2 ring of intelligence (curse)

@: very slow
A: see invisible, deformed body, poison resistance, slowness 2, slow metabolism
1, spit poison 1, AC +1
a: Spit Poison


You were on level 4 of the Dungeon.
You were not hungry.

You visited 1 branch of the dungeon, and saw 4 of its levels.

You collected 97 gold pieces.

Inventory:

Hand Weapons
 i - a +2 short sword of venom (weapon)
Missiles
 a - 12 arrows
Armour
 b - a +0 robe (worn)
Jewellery
 p - a cursed -2 ring of intelligence (left hand)
Scrolls
 f - 2 scrolls of recharging
 h - 3 scrolls of identify
Potions
 e - a potion of cancellation {unknown}
 j - a potion of agility
 k - a potion of resistance {unknown}
 n - a potion of mutation {unknown}
 o - 2 potions of heal wounds {unknown}
 q - 2 potions of berserk rage {unknown}
Books
 c - a book of Changes

   Spells                             Type                      Level
   a - Beastly Appendage              Transmutation                1
   b - Sticks to Snakes               Transmutation                2
   c - Spider Form                    Transmutation/Poison         3
   d - Ice Form                       Ice/Transmutation            4
   e - Blade Hands                    Transmutation                5
Comestibles
 d - a bread ration
 g - a slice of pizza
 l - 2 chunks of flesh
 m - a beef jerky
 r - a royal jelly


   Skills:
 - Level 1.0 Fighting
 - Level 1.5 Dodging
 + Level 3.8 Unarmed Combat
 - Level 2.0 Spellcasting
 - Level 3.4 Transmutations
 - Level 3.0 Poison Magic


You had 3 spell levels left.
You knew the following spells:

 Your Spells              Type           Power        Failure   Level  Hunger
a - Beastly Appendage     Tmut           ##....       10%         1    ##.....
b - Spider Form           Tmut/Pois      #.........   21%         3    ####...


Dungeon Overview and Level Annotations

Branches:
Dungeon (4/15)
 Temple: D:4-7

Altars:
Trog


Innate Abilities, Weirdness & Mutations

You cannot wear boots.
Your serpentine skin is tough. (AC +1)
You have supernaturally acute eyesight. (SInv)
Armour fits poorly on your strangely shaped body.
Your system is resistant to poisons. (rPois)
You cover ground very slowly.
You have a slow metabolism.
You can spit poison.


Message History

What level of the Dungeon? (default 1, ? - help)
There is a stone staircase leading down here.
You climb downwards.
An ogre comes into view. It is wielding a giant club.
The ogre shouts!
Found 57 arrows, a beef jerky and a purple potion.
Found a stone staircase leading down.
There is a stone staircase leading up here.
You closely miss the ogre. The ogre hits you with a giant club!!
You puncture the ogre!
The ogre is poisoned.
The ogre is moderately wounded.
You closely miss the ogre.
The ogre is moderately wounded.
The ogre hits you with a giant club!
* * * LOW HITPOINT WARNING * * *
The ogre barely misses you.
You hit the ogre.
The ogre looks as sick as possible!
The ogre is moderately wounded.
The ogre hits you with a giant club!
You die...

...............
.............
............
#..........
#..........
#(.<.......
#..........
#..O.......
#..@.....>.
#..........
#.........%
.(..........
###....!.....
#..........
#..........
...........


You could see an ogre.

Vanquished Creatures
  3 adders
  An ooze (D:1)
  5 worms
  2 orcs (D:3)
  4 giant cockroaches
  10 goblins
  8 hobgoblins
  A jackal (D:2)
  5 kobolds
  A ball python (D:3)
  6 bats
  5 frilled lizards
  11 rats
62 creatures vanquished.

Notes
Turn   | Place    | Note
-------+----------+-------------------------------------------
     0 | D:1      | esteth the Naga Transmuter began the quest for the Orb.
     0 | D:1      | Reached XP level 1. HP: 18/18 MP: 3/3
   396 | D:1      | Reached XP level 2. HP: 14/25 MP: 5/5
  1185 | D:1      | Reached XP level 3. HP: 27/31 MP: 6/6
  1313 | D:1      | Learned a level 3 spell: Spider Form
  1331 | D:1      | Reached skill level 1 in Poison Magic
  2228 | D:2      | Reached XP level 4. HP: 7/38 MP: 7/7
  3324 | D:3      | Noticed a moth of wrath
  3327 | D:3      | Found a bloodstained altar of Trog.
  3435 | D:4      | Noticed an ogre
  3442 | D:4      | Mangled by an ogre

Skill      XL: |  1  2  3  4 |
---------------+-------------+-----
Transmutations | 3 |  3.4
Poison Magic   | 2 3 |  3.0
Fighting       | |  1.0
Dodging        | |  1.5
Unarmed Combat | |  3.8
Spellcasting   | |  2.0

Action                   |  1- 3 |  4- 6 || total
-------------------------+-------+-------++-------
Melee: Unarmed           |   113 |    10 ||   123
       Short sword       |    29 |    59 ||    88
       Punch             |       |     1 ||     1
 Cast: Spider Form       |       |     3 ||     3
 Abil: Spit Poison       |     9 |       ||     9
  Use: Scroll            |       |     5 ||     5
  Eat: Chunk             |     3 |     4 ||     7
Armor: Robe              |    49 |    10 ||    59
Dodge: Dodged            |   110 |    45 ||   155
